 Dungeon Crawl Stone Soup version 0.13.0 (webtiles) character file.

256 Malachi the Poker (level 5, -1/42 HPs)
             Began as a Centaur Abyssal Knight on Oct 12, 2013.
             Was a Believer of Lugonu.
             Shot with an arrow by a centaur (9 damage)
             ... on Level 3 of the Dungeon.
             The game lasted 00:05:03 (2909 turns).

Malachi the Poker (Centaur Abyssal Knight)          Turns: 2909, Time: 00:05:03

HP  -1/42        AC  4     Str 14      XL: 5   Next: 11%
MP   5/5         EV  9     Int 12      God: Lugonu [**....]
Gold 104         SH  0     Dex  9      Spells:  0 memorised,  4 levels left

Res.Fire  : . . .   See Invis. : .   a - +2 spear {=f}
Res.Cold  : . . .   Warding    : .   b - +0 leather armour
Life Prot.: . . .   Conserve   : .   (no shield)
Res.Poison: .       Res.Corr.  : .   (no helmet)
Res.Elec. : .       Clarity    : .   (no cloak)
Sust.Abil.: . .     Spirit.Shd : .   (no gloves)
Res.Mut.  : .       Stasis     : .   (no barding)
Res.Rott. : .       Flight     : .   (no amulet)
Saprovore : . . .                    (no ring)
                                     (no ring)

@: very quick, slightly resistant to hostile enchantments, extremely unstealthy
A: hooves 3, deformed body, herbivore 1, speed 2, fast metabolism 1, tough skin
3
a: Depart the Abyss, Bend Space, Renounce Religion


You were on level 3 of the Dungeon.
You worshipped Lugonu.
Lugonu was pleased with you.
You were hungry.

You visited 1 branch of the dungeon, and saw 3 of its levels.
You visited the Abyss 1 time.

You collected 84 gold pieces.

Inventory:

Hand weapons
 a - a +2,+2 spear (weapon) {=f}
 j - a +0,+0 sling
Missiles
 k - 41 stones (quivered)
 o - 21 sling bullets
Armour
 b - a +0 leather armour (worn)
Comestibles
 c - 2 bread rations
 d - 9 grapes
 h - 3 meat rations
 i - a pear
 p - a sausage
 r - a chunk of bat flesh
 t - a chunk of goblin flesh
Scrolls
 e - 3 scrolls of blinking {unknown}
 g - a scroll of teleportation {unknown}
 l - a scroll of random uselessness {unknown}
 q - a scroll of identify {unknown}
 s - a scroll of enchant weapon I {unknown}
 u - a scroll of remove curse {unknown}
Potions
 f - 2 potions of curing {unknown}
 m - 2 potions of agility {unknown}
 n - a potion of brilliance {unknown}


   Skills:
 - Level 3.0 Fighting
 * Level 4.7 Polearms
 - Level 1.3 Armour
 - Level 0.6 Dodging
 + Level 2.3 Invocations


You had 4 spell levels left.
You didn't know any spells.

Dungeon Overview and Level Annotations

Branches:
Dungeon (3/27)

Altars:
Fedhas


Innate Abilities, Weirdness & Mutations

You have hooves in place of feet.
Armour fits poorly on your strangely shaped body.
You digest meat inefficiently.
You cover ground very quickly.
You have a fast metabolism.
You have extremely tough skin (AC +3).


Message History

Press: ? - help, Dir - move target cursor, f/p - centaur
Aim: a centaur (moderately wounded)
You reach to attack!
You hit the centaur.
The centaur is moderately wounded.
The centaur wields an uncursed bow.
The centaur shoots an arrow.
The arrow hits you!
Attack whom?
Press: ? - help, Dir - move target cursor, f/p - centaur
Aim: a centaur, wielding a bow (moderately wounded)
The bush is in the way.
You hit the bush. You kick the bush.
The bush is lightly damaged.
The centaur shoots an arrow.
The arrow hits you!
The centaur shoots an arrow.
The arrow hits you!
* * * LOW HITPOINT WARNING * * *
You are too injured to fight recklessly!
The centaur shoots an arrow.
The arrow misses you.
The centaur unwields an uncursed bow.
The centaur hits the bush.
The centaur wields an uncursed bow.
The centaur shoots an arrow.
The arrow hits you!
You die...

#.###.. . #.##..P
... #....PP P
.....#%...PP_P
..!.#....PcP.P
.........(PPP.P..
....#............
#(..........
#@..........
#...........
.........?.
##########.


You could see a centaur.

Vanquished Creatures
  A wight (Abyss:1)
  6 adders
  A worm (D:2)
  3 giant geckos (D:2)
  2 oozes
  2 giant cockroaches
  8 goblins
  9 hobgoblins
  5 bats
  2 giant newts
  7 kobolds
  8 rats
54 creatures vanquished.

Notes
Turn   | Place    | Note
--------------------------------------------------------------
     0 | Abyss:1  | Malachi, the Centaur Abyssal Knight, began the quest for the Orb.
     0 | Abyss:1  | Reached XP level 1. HP: 17/17 MP: 1/1
   128 | Abyss:1  | Noticed an orange demon
   128 | Abyss:1  | Noticed a hellwing
   132 | Abyss:1  | Noticed a neqoxec
   145 | Abyss:1  | Noticed a wight
   147 | Abyss:1  | Noticed a sun demon
   153 | Abyss:1  | Killed a wight
   153 | Abyss:1  | Reached XP level 2. HP: 24/24 MP: 2/2
   153 | Abyss:1  | Reached XP level 3. HP: 30/30 MP: 4/4
   160 | Abyss:1  | Noticed a neqoxec
   172 | D:1      | Escaped the Abyss
   693 | D:1      | Acquired Lugonu's first power
  1615 | D:1      | Reached XP level 4. HP: 13/37 MP: 4/4
  1968 | D:2      | Reached skill level 4 in Polearms
  2247 | D:2      | Acquired Lugonu's second power
  2575 | D:2      | Reached XP level 5. HP: 42/42 MP: 5/5
  2894 | D:3      | Found a blossoming altar of Fedhas.
  2894 | D:3      | Noticed a centaur
  2909 | D:3      | Shot with an arrow by a centaur

Action                   |  1- 3 |  4- 6 || total
-------------------------+-------+-------++-------
Melee: Spear             |    96 |   126 ||   222
Invok: Depart the Abyss  |     1 |       ||     1
